 Dungeon Sprint DCSS version 0.21.0-24-g2553a33 (webtiles) character file.

4700000 letownia2 the Conqueror (level 27, -6/249 HPs)
             Began as a Barachi Fighter on Jan 21, 2018.
             Was the Champion of Makhleb.
             Mangled by a destroyer
             ... wielding a +9 great sword of slicing
              (216 damage)
             ... in the Dungeon (Sprint VIII: "Arena of Blood").
             The game lasted 00:01:47 (47 turns).

letownia2 the Conqueror (Barachi Fighter)             Turns: 47, Time: 00:01:48

Health: -6/249     AC: 13    Str: 18    XL:     27
Magic:  25/54      EV: 32    Int: 11    God:    Makhleb [******]
Gold:   0          SH:  0    Dex: 22    Spells: 80/80 levels left

rFire    . . .     SeeInvis .   l - +∞ Axe of Woe
rCold    . . .     Gourm    .   (shield currently unavailable)
rNeg     . . .     Faith    .   b - +0 scale mail
rPois    .         Spirit   .   (no helmet)
rElec    .         Reflect  .   (no cloak)
rCorr    .         Harm     .   (no gloves)
MR       ++...     NoTele   +   (no boots)
Stlth    +++++++++.             (no amulet)
HPRegen  0.51/turn              (no ring)
MPRegen  0.34/turn              (no ring)

@: can't hop, slow
A: +LOS, swims, slowness 1, strong legs 2
a: Hop, Minor Destruction, Lesser Servant of Makhleb, Major Destruction, Greater
Servant of Makhleb, Renounce Religion


You were in the Dungeon.
You worshipped Makhleb.
Makhleb was exalted by your worship.
You were not hungry.

You visited 1 branch

Inventory:

Hand Weapons
 a - a +0 war axe
 l - the +∞ Axe of Woe (weapon)
   (You found it in the Dungeon)
Armour
 b - a +0 scale mail (worn)
 c - a +0 shield
Scrolls
 k - a scroll of blinking
Potions
 d - a potion of might
 e - a potion of curing
 g - a potion of heal wounds
 h - a potion of haste
 i - 2 potions of magic
 j - a potion of berserk rage
Comestibles
 f - a ration


   Skills:
 O Level 27 Fighting
 O Level 27 Axes
 O Level 27 Throwing
 O Level 27 Armour
 O Level 27 Dodging
 O Level 27 Stealth
 O Level 27 Shields
 O Level 27 Unarmed Combat
 O Level 27 Spellcasting
 O Level 27 Invocations


You had 80 spell levels left.
You didn't know any spells.

Dungeon Overview and Level Annotations

Branches:
Dungeon (1/1)

Altars:
Makhleb


Innate Abilities, Weirdness & Mutations

Shadows flee at your approach. (+LOS)
You can swim through water.
You cover ground slowly.
You can hop long distances.


Message History

Two crawling corpses merge to form a small abomination.
Unknown command.
You slice the destroyer!!
You pulverise the destroyer into a thin bloody mist.
You destroy the destroyer!
Makhleb accepts your kill.
You slash the bag of meat!
You dissect the bag of meat like a pig carcass.
You kill the bag of meat!
Makhleb accepts your kill.
You hear a shout! x2
Unknown command.
Unknown command.
You hear a shout! x2
Two crawling corpses merge to form a small abomination.
The bag of meat hits you with a +9 war axe!!!
You hear a shout! x3
The destroyer hits you with a +9 great sword of slicing!!!!!
Ouch! That really hurt!
You die...

.. ...........#
..####..........#
.....................#
.....§........#......#
.O...................#
..........X...#......#
..#o.................#
..#.......ozVo##o.x..#
..###..XoOxoVoo)@V...#
..)).)XXooozo###o....#
xX.).)))Xooxo..oo....#
.#)))))§o#.#..oo§....#
_#.....§X§%V........=#
.#......#o#.#........#
......%..O.o.........#
....%....#o#.#..#§...#
..###....o.....#.....#


You could see 3 destroyers, 2 sculptors of flesh, a large abomination, a meat
berserker (berserk), 2 small abominations and 17 bags of meat.

Vanquished Creatures
  6 vampire knights (D)
  23 ogres (D)
  A two-headed ogre (D)
  32 orcs (D)
  A small abomination (D)
  7 crawling corpses (D)
70 creatures vanquished.

Vanquished Creatures (others)
  3 crawling corpses (D)
3 creatures vanquished.

Grand Total: 73 creatures vanquished

Notes
Turn   | Place    | Note
-------+----------+-------------------------------------------
     0 | D        | Found the +∞ Axe of Woe
     0 | D        | letownia2 the Barachi Fighter began the quest for the Orb.
     0 | D        | Reached XP level 1. HP: 18/18 MP: 1/1
     2 | D        | Noticed a bag of meat
     2 | D        | Noticed a bag of meat
     2 | D        | Noticed a bag of meat
     4 | D        | Noticed a bag of meat
     5 | D        | Noticed a bag of meat
     6 | D        | Noticed a meat berserker
     6 | D        | Noticed a meat berserker
     6 | D        | Noticed a meat berserker
     9 | D        | Became a worshipper of Makhleb the Destroyer
    10 | D        | Killed a meat berserker
    10 | D        | Reached XP level 2. HP: 50/50 MP: 2/2
    10 | D        | Reached XP level 3. HP: 57/57 MP: 3/3
    10 | D        | Reached XP level 4. HP: 64/64 MP: 4/4
    10 | D        | Reached XP level 5. HP: 70/70 MP: 5/5
    10 | D        | Reached XP level 6. HP: 78/78 MP: 6/6
    10 | D        | Reached XP level 7. HP: 84/84 MP: 7/7
    10 | D        | Reached XP level 8. HP: 92/92 MP: 8/8
    10 | D        | Reached XP level 9. HP: 98/98 MP: 9/9
    10 | D        | Reached XP level 10. HP: 105/105 MP: 10/10
    10 | D        | Reached XP level 11. HP: 112/112 MP: 11/11
    10 | D        | Reached XP level 12. HP: 119/119 MP: 12/12
    10 | D        | Gained mutation: You can hop long distances. [Barachi growth]
    10 | D        | Reached XP level 13. HP: 126/126 MP: 13/13
    10 | D        | Killed a bag of meat
    10 | D        | Reached * piety under Makhleb
    10 | D        | Reached XP level 14. HP: 138/138 MP: 14/14
    10 | D        | Killed a bag of meat
    11 | D        | Noticed a meat berserker
    11 | D        | Killed a meat berserker
    11 | D        | Reached XP level 15. HP: 53/153 MP: 15/15
    11 | D        | Killed a meat berserker
    11 | D        | Reached ** piety under Makhleb
    11 | D        | Reached XP level 16. HP: 155/164 MP: 16/16
    11 | D        | Reached skill level 27 in Fighting
    11 | D        | Reached skill level 27 in Armour
    12 | D        | Noticed a meat berserker
    12 | D        | Reached skill level 5 in Throwing
    12 | D        | Reached skill level 5 in Stealth
    12 | D        | Reached skill level 5 in Unarmed Combat
    12 | D        | Reached skill level 5 in Spellcasting
    12 | D        | Reached XP level 17. HP: 174/174 MP: 16/24
    13 | D        | Killed a meat berserker
    13 | D        | Reached *** piety under Makhleb
    13 | D        | Reached skill level 10 in Shields
    13 | D        | Reached skill level 10 in Unarmed Combat
    13 | D        | Reached skill level 10 in Throwing
    13 | D        | Reached skill level 10 in Stealth
    13 | D        | Reached skill level 10 in Spellcasting
    13 | D        | Reached XP level 18. HP: 182/182 MP: 16/32
    14 | D        | Noticed a meat berserker
    14 | D        | Killed a meat berserker
    14 | D        | Reached skill level 27 in Axes
    14 | D        | Reached skill level 27 in Dodging
    16 | D        | Noticed a meat berserker
    16 | D        | Noticed a meat berserker
    17 | D        | Killed a meat berserker
    17 | D        | Reached **** piety under Makhleb
    17 | D        | Reached skill level 15 in Throwing
    17 | D        | Reached skill level 15 in Stealth
    17 | D        | Reached skill level 15 in Spellcasting
    17 | D        | Reached XP level 19. HP: 189/189 MP: 17/38
    21 | D        | Killed a meat berserker
    21 | D        | Reached skill level 15 in Invocations
    22 | D        | Noticed a meat berserker
    22 | D        | Killed a meat berserker
    22 | D        | Reached XP level 20. HP: 197/197 MP: 18/43
    22 | D        | Reached ***** piety under Makhleb
    23 | D        | Noticed a destroyer
    23 | D        | Noticed a destroyer
    24 | D        | Noticed a meat berserker
    25 | D        | Noticed a meat berserker
    25 | D        | Noticed a destroyer
    25 | D        | Killed a destroyer
    25 | D        | Reached XP level 21. HP: 204/204 MP: 19/46
    25 | D        | Killed a destroyer
    26 | D        | Killed a meat berserker
    26 | D        | Reached XP level 22. HP: 212/212 MP: 19/50
    27 | D        | Noticed a large bag of meat
    28 | D        | Killed a destroyer
    28 | D        | Reached skill level 27 in Shields
    28 | D        | Reached skill level 27 in Unarmed Combat
    28 | D        | Reached ****** piety under Makhleb
    28 | D        | Reached skill level 27 in Throwing
    28 | D        | Reached skill level 27 in Stealth
    28 | D        | Reached skill level 27 in Spellcasting
    28 | D        | Reached skill level 27 in Invocations
    28 | D        | Reached XP level 23. HP: 219/219 MP: 20/54
    29 | D        | Noticed a large bag of meat
    29 | D        | Noticed a destroyer
    29 | D        | Noticed a destroyer
    31 | D        | Reached XP level 24. HP: 227/227 MP: 20/54
    32 | D        | Reached XP level 25. HP: 234/234 MP: 21/54
    34 | D        | Killed a destroyer
    35 | D        | Reached XP level 26. HP: 242/242 MP: 22/54
    37 | D        | Reached XP level 27. HP: 206/249 MP: 22/54
    37 | D        | Killed a destroyer
    37 | D        | Killed a large bag of meat
    39 | D        | Noticed a destroyer
    39 | D        | Noticed a destroyer
    39 | D        | Noticed a destroyer
    39 | D        | Noticed a large bag of meat
    43 | D        | Noticed a destroyer
    43 | D        | Noticed a destroyer
    46 | D        | Killed a destroyer
    47 | D        | Mangled by a destroyer

Skill      XL: |  1  2  3  4  5  6  7  8  9 10 11 12 13 14 15 16 17 18 19 20 21 22 |
---------------+-------------------------------------------------------------------+-----
Fighting       | 19 21 24 26 27 | 27.0
Axes           | 18 19 22 24 25 26 27 | 27.0
Armour         | 19 21 24 26 27 | 27.0
Dodging        | 18 19 22 24 25 26 27 | 27.0
Throwing       | 5 10 15 19 22 24 27 | 27.0
Stealth        | 5 10 15 19 22 24 27 | 27.0
Shields        | 6 12 16 20 23 26 27 | 27.0
Unarmed Combat | 5 11 16 20 23 26 27 | 27.0
Spellcasting   | 5 10 15 19 21 24 27 | 27.0
Invocations    | 4 9 14 17 20 23 27 | 27.0

Action                   |  1- 3 |  4- 6 |  7- 9 | 10-12 | 13-15 | 16-18 | 19-21 | 22-24 | 25-27 || total
-------------------------+-------+-------+-------+-------+-------+-------+-------+-------+-------++-------
Melee: Executioner's axe |     1 |       |       |       |     1 |     4 |     4 |     4 |     9 ||    23
 Abil: Hop               |       |       |       |       |       |       |       |       |     1 ||     1
Dodge: Dodged            |       |       |       |       |     1 |     1 |       |       |     2 ||     4
